Cogmind - Beta 14 *** ADVENTURER MODE // 2024.08.24 @ 07:37:09 // Winter2019/RPGLIKE Player: Gnomed! Result: Self-destructed Performance ------------- Evolutions (5) 2500 Regions Visited (11) 2200 Robots Destroyed (48) 240 Value Destroyed (2919) 2919 Prototype IDs (1) 20 Alien Tech Used (0) 0 Bonus (2664) 2664 TOTAL SCORE: 10543 Bonus ------- High Alert Combat Kills 312 Follower Combat Kills 252 Entered Garrisons 600 Used RIF Installer 1500 Cogmind --------- Core Integrity 9282/10000 Matter 5228/5650 Energy 10000/10000 System Corruption 5% Temperature Cool (0) Movement Core (50) Location -5/Factory Parts ------- > --- POWER (1) -------- (None) > --- PROPULSION (1) --- (None) > --- UTILITY (23) ----- Improved Sensor Array Improved Signal Interpreter Improved Terrain Scanner Transport Network Coupler Target Analyzer Energy Filter Particle Charger ECM Suite ECM Suite ECM Suite ECM Suite Hacking Suite Relay Coupler [NC] (32) Relay Coupler [Swarmer] (33) Relay Coupler [Grunt] (51) Relay Coupler [Sentry] (37) Tractor Beam > --- WEAPON (1) ------- Remote Datajack > --- INVENTORY (92) --- Improved Terrain Scanner Relay Coupler [Grunt] (90) Relay Coupler [Duelist] (76) Relay Coupler [Duelist] (88) Relay Coupler [Sentry] (68) Relay Coupler [Sentry] (52) Wave Gun PD Laser EM Pulse Cannon EM Pulse Cannon Heavy Ion Cannon Heavy Ion Cannon Improved Datajack Remote Datajack Powered Hammer Peak State ------------ > --- POWER ------------ (None) > --- PROPULSION ------- Airjet > --- UTILITY ---------- Improved Sensor Array Improved Signal Interpreter Improved Terrain Scanner Transport Network Coupler Target Analyzer Energy Filter Particle Charger Particle Charger ECM Suite ECM Suite ECM Suite ECM Suite Medium Reactive Plating Medium Reactive Plating Shield Generator Hacking Suite Relay Coupler [NC] Relay Coupler [Swarmer] Relay Coupler [Grunt] Relay Coupler [Sentry] Relay Coupler [Hunter] Tractor Beam > --- WEAPON ----------- Remote Datajack > --- INVENTORY -------- Improved Terrain Scanner Relay Coupler [Grunt] Relay Coupler [Grunt] Relay Coupler [Duelist] Relay Coupler [Duelist] Relay Coupler [Sentry] Relay Coupler [Sentry] Wave Gun PD Laser EM Pulse Cannon EM Pulse Cannon Heavy Ion Cannon Heavy Ion Cannon Improved Datajack Remote Datajack Powered Hammer [Rating: 71] Favorites ----------- Power Improved Ion Engine Engine Improved Ion Engine Propulsion Airjet Hover Unit Airjet Utility ECM Suite Device ECM Suite Processor Improved Signal Interpreter Hackware Hacking Suite Protection Medium Reactive Plating Weapon Powered Hammer Energy Gun Beam Rifle Energy Cannon Heavy Ion Cannon Ballistic Gun Light Assault Rifle Special Weapon Remote Datajack Impact Weapon Powered Hammer Special Melee Weapon Improved Datajack Build | -11 -10 -9 -8 -7 -7 -7 -7 -6 -5 -5 -5 ------- Run | Yrd Mat Mat Mat Fac Gar Fac Gar Fac Fac Gar Fac Slots Evolved 22 | 22 . . . . . . . . . . . Power . | . . . . . . . . . . . . Propulsion . | . . . . . . . . . . . . Utility 22 | 22 . . . . . . . . . . . Weapon . | . . . . . . . . . . . . Parts Attached 49 | 2 2 7 10 8 4 5 3 3 2 3 . Power 1 | . . . 1 . . . . . . . . Engine 1 | . . . 1 . . . . . . . . Core . | . . . . . . . . . . . . Reactor . | . . . . . . . . . . . . Propulsion 4 | . 1 . 2 . . . . 1 . . . Treads . | . . . . . . . . . . . . Leg . | . . . . . . . . . . . . Wheel . | . . . . . . . . . . . . Hover 4 | . 1 . 2 . . . . 1 . . . Flight . | . . . . . . . . . . . . Utility 27 | 1 1 6 6 4 2 4 . 1 2 . . Device 14 | 1 1 5 4 1 1 1 . . . . . Storage . | . . . . . . . . . . . . Processor 3 | . . . 1 1 1 . . . . . . Hackware 7 | . . . 1 . . 3 . 1 2 . . Protection 3 | . . 1 . 2 . . . . . . . Artifact . | . . . . . . . . . . . . Weapon 17 | 1 . 1 1 4 2 1 3 1 . 3 . Energy Gun 2 | . . . 1 1 . . . . . . . Energy Cannon 2 | . . . . 1 1 . . . . . . Ballistic Gun 2 | 1 . 1 . . . . . . . . . Ballistic Cannon . | . . . . . . . . . . . . Launcher . | . . . . . . . . . . . . Special Weapon 2 | . . . . . . . . 1 . 1 . Impact Weapon 4 | . . . . . 1 . 2 . . 1 . Slashing Weapon . | . . . . . . . . . . . . Piercing Weapon . | . . . . . . . . . . . . Special Melee Weapon 5 | . . . . 2 . 1 1 . . 1 . Unidentified Prototypes 1 | . . . . . 1 . . . . . . Parts Lost 6 | . . . . . . . 1 . . 3 2 Power 1 | . . . . . . . 1 . . . . Propulsion 1 | . . . . . . . . . . . 1 Utility 4 | . . . . . . . . . . 3 1 Weapon . | . . . . . . . . . . . . Highest Loss Streak 2 | . . . . . . . 1 . . 2 2 To Critical Strikes . | . . . . . . . . . . . . Average Slot Usage (%) 68 | . 14 19 50 71 76 85 86 84 88 83 75 Engine 1 | . . . . 3 3 3 2 . . . . Hover 2 | . 2 3 3 3 3 3 3 3 3 3 2 Device 36 | . 6 11 31 42 45 42 42 42 42 40 38 Processor 7 | . . . 2 5 8 11 11 11 11 11 11 Hackware 7 | . . . 2 3 3 12 15 15 19 19 19 Protection 5 | . . . 3 6 7 7 7 7 7 4 . Peak Build Rating 71 | 4 6 15 38 53 63 65 67 67 71 66 56 Average Rating 46 | 1 5 8 25 45 55 63 65 65 67 62 55 On Entrance 41 | . 4 6 15 38 53 57 65 65 67 66 56 Naked Turns . | . . . . . . . . . . . . Heaviest Build 80 | 2 3 20 37 80 80 72 72 65 65 65 23 Greatest Support 313 | 308 311 311 313 313 313 313 313 313 313 313 313 Greatest Overweight (x) . | . . . . . . . . . . . . Average Overweight (x) . | . . . . . . . . . . . . Largest Inventory Capacity 92 | 92 92 92 92 92 92 92 92 92 92 92 92 Average Capacity 92 | 92 92 92 92 92 92 92 92 92 92 92 92 Most Carried 20 | . 1 2 5 6 17 18 19 20 19 18 17 Average Carried 9 | . . 1 3 4 10 14 16 18 17 17 17 Final Capacity 92 | 92 92 92 92 92 92 92 92 92 92 92 92 Final Carried 19 | . 1 1 4 6 17 14 18 19 17 17 17 Class Distribution -------------------- 67% | Wizard-Scout 32% | Wizard-Ninja Dominant Class ---------------- Wizard-Scout | -10/Materials Wizard-Scout | -9/Materials Wizard-Scout | -8/Materials Wizard-Scout | -7/Factory Wizard-Scout | -7/Garrison Wizard-Ninja | -7/Factory Wizard-Ninja | -7/Garrison Wizard-Ninja | -6/Factory Wizard-Scout | -5/Factory Wizard-Scout | -5/Garrison Wizard-Scout | -5/Factory Resources | -11 -10 -9 -8 -7 -7 -7 -7 -6 -5 -5 -5 ----------- Run | Yrd Mat Mat Mat Fac Gar Fac Gar Fac Fac Gar Fac Matter Collected 5917 | 427 . 355 375 932 2580 13 366 199 338 332 . Remotely 5386 | . . 355 375 932 2580 13 322 199 278 332 . Salvage Created 2425 | 147 . 82 215 315 1315 . 92 199 60 . . Parts 103 | 9 . 5 26 6 54 . 2 . 1 . . Haulers Intercepted . | . . . . . . . . . . . . Recyclers Shooed 1 | 1 . . . . . . . . . . . Parts Field Recycled . | . . . . . . . . . . . . Retrieved Matter . | . . . . . . . . . . . . Parts Self-Destructed . | . . . . . . . . . . . . Prevented . | . . . . . . . . . . . . Kills | -11 -10 -9 -8 -7 -7 -7 -7 -6 -5 -5 -5 ------- Run | Yrd Mat Mat Mat Fac Gar Fac Gar Fac Fac Gar Fac Combat Hostiles Destroyed 38 | . . 1 5 7 23 . 2 . . . . Melee 3 | . . . . . 2 . 1 . . . . Guns 12 | . . 1 5 6 . . . . . . . Cannons 18 | . . . . . 18 . . . . . . Classes Destroyed 13 | 2 . 1 2 2 3 . . 2 1 . . Worker 1 | . . . . . . . . 1 . . . Builder 1 | . . . . . . . . 1 . . . Tunneler 4 | 3 . . 1 . . . . . . . . Recycler 2 | 1 . . . . . . . 1 . . . Mechanic 1 | . . . . . . . . . 1 . . Watcher 1 | . . . 1 . . . . . . . . Swarmer 12 | . . . . . 12 . . . . . . Grunt 12 | . . . 1 4 7 . . . . . . Brawler 1 | . . . . . 1 . . . . . . Duelist 1 | . . . . . 1 . . . . . . Sentry 8 | . . 1 4 1 1 . 1 . . . . Hunter 2 | . . . . 1 1 . . . . . . Programmer 2 | . . . . 1 . . 1 . . . . Best Kill Streak 8 | 4 . 1 3 6 8 . 1 3 1 . . Combat Bots Only 8 | . . 1 3 6 8 . 1 . . . . Max Kills in Single Turn 1 | 1 . 1 1 1 1 . 1 1 1 . . Gunslinging . | . . . . . . . . . . . . Exploded . | . . . . . . . . . . . . Melee 1 | . . . . . 1 . 1 . . . . Uniques/NPCs Destroyed . | . . . . . . . . . . . . Combat | -11 -10 -9 -8 -7 -7 -7 -7 -6 -5 -5 -5 -------- Run | Yrd Mat Mat Mat Fac Gar Fac Gar Fac Fac Gar Fac Hostile Shots Fired 626 | . 14 12 51 105 164 29 168 . 17 60 6 Missed 278 | . 6 4 16 43 69 15 80 . 15 27 3 Damage Taken 1968 | . 39 48 211 317 514 73 330 . 112 248 76 Core 1171 | . 32 39 137 157 276 43 167 . 76 182 62 Absorbed by Shields 756 | . . 19 95 139 221 31 155 . 43 53 . Redirected to Core 923 | . 17 20 100 155 246 30 132 . 76 94 53 Ignored by Resistances 2125 | . 31 49 221 326 657 111 375 . 79 247 29 Core Remaining (%) 97 | 100 99 99 97 . . . 96 96 . . . Volleys Fired 215 | 31 . 10 35 40 62 . . 3 18 13 3 Largest 1 | 1 . 1 1 1 1 . . 1 1 1 1 Hottest 65 | 20 . 20 56 56 65 . . 5 5 5 5 Shots Fired 215 | 31 . 10 35 40 62 . . 3 18 13 3 Gun 116 | 31 . 10 35 40 . . . . . . . Cannon 62 | . . . . . 62 . . . . . . Launcher . | . . . . . . . . . . . . Special 37 | . . . . . . . . 3 18 13 3 Kinetic 74 | 31 . 10 33 . . . . . . . . Thermal 104 | . . . 2 40 62 . . . . . . Explosive . | . . . . . . . . . . . . Electromagnetic . | . . . . . . . . . . . . Robot Hit Streak 54 | 31 . 33 17 16 54 . . 3 19 20 9 Robot Miss Streak 2 | . . 1 2 1 1 . . . . 1 . Penetration Max . | . . . . . . . . . . . . Secondary Targets . | . . . . . . . . . . . . Shots Hit Robots 229 | 31 . 9 30 36 61 7 20 5 16 11 3 Core Hits 65 | 8 . 2 15 13 25 . 1 . 1 . . Critical Kills 2 | . . . . . 1 . 1 . . . . Critical Parts Destroyed 6 | . . . . . 4 . 1 1 . . . Critical Strikes 16 | . . 1 . 7 5 . 2 1 . . . Burn 7 | . . . . 7 . . . . . . . Meltdown 1 | . . . . . 1 . . . . . . Destroy 1 | . . 1 . . . . . . . . . Smash 7 | . . . . . 4 . 2 1 . . . Melee Attacks 67 | . . . . 1 30 7 24 4 . 1 . Impact 49 | . . . . . 30 . 14 4 . 1 . Slashing . | . . . . . . . . . . . . Piercing . | . . . . . . . . . . . . Sneak Attacks 7 | . . . . 1 . 3 . 3 . . . Combat Hostiles . | . . . . . . . . . . . . Follow-up Attacks . | . . . . . . . . . . . . Damage Inflicted 5468 | 280 . 92 516 791 3082 . 395 240 72 . . Guns 1671 | 280 . 92 516 783 . . . . . . . Cannons 1605 | . . . . . 1605 . . . . . . Explosions . | . . . . . . . . . . . . Melee 2112 | . . . . . 1477 . 395 240 . . . Ramming 80 | . . . . 8 . . . . 72 . . Kinetic 846 | 280 . 92 474 . . . . . . . . Thermal 2430 | . . . 42 783 1605 . . . . . . Explosive . | . . . . . . . . . . . . Electromagnetic . | . . . . . . . . . . . . Impact 2112 | . . . . . 1477 . 395 240 . . . Slashing . | . . . . . . . . . . . . Piercing . | . . . . . . . . . . . . Highest Corruption 5 | . . . . 2 2 2 2 . 1 5 5 Average Corruption 1 | . . . . 1 2 2 2 . 1 1 5 Corruption Purged . | . . . . . . . . . . . . Corruption Blocked . | . . . . . . . . . . . . Effects 15 | . . . . 4 4 2 2 . . 1 2 Message Errors 3 | . . . . . 2 . 1 . . . . Matter Fused 2 | . . . . 1 . . . . . 1 . Heat Flow Errors 3 | . . . . 2 . . 1 . . . . Energy Discharges 2 | . . . . . 1 . . . . . 1 Parts Rejected 1 | . . . . . . 1 . . . . . Data Loss (minor) 1 | . . . . . . . . . . . 1 Data Loss (major) 1 | . . . . . 1 . . . . . . Alerts 2 | . . . . 1 . 1 . . . . . Overload Shots . | . . . . . . . . . . . . Overflow Damage 823 | . . . . . 612 . 41 170 . . . Projectiles 68 | . . . . . 68 . . . . . . Explosions . | . . . . . . . . . . . . Melee 755 | . . . . . 544 . 41 170 . . . Knockbacks 4 | . . . . . 2 . . 1 1 . . Impact 4 | . . . . . 2 . . 1 1 . . Kinetic . | . . . . . . . . . . . . Secondary . | . . . . . . . . . . . . Self-Inflicted Damage 40 | . . . . 4 . . . . 36 . . Shots . | . . . . . . . . . . . . Rammed 5 | . . . . 2 . . . . 3 . . Targets Rammed 5 | . . . . 2 . . . . 3 . . Kicked . | . . . . . . . . . . . . Crushed . | . . . . . . . . . . . . Highest Temperature . | . . . . . . . . . . . . Average Temperature . | . . . . . . . . . . . . Received Heat Transfer 756 | . . 44 126 202 216 6 156 . . 6 . Siege Activations . | . . . . . . . . . . . . Robots Corrupted 10 | . . . . . 6 . 1 2 1 . . Combat Hostiles 3 | . . . . . 2 . 1 . . . . Parts Fried 12 | . . . . . 7 . . 3 2 . . Impact Corruptions 22 | . . . . . 12 . 3 6 1 . . Robots Melted 2 | . . . . 1 1 . . . . . . Combat Hostiles 2 | . . . . 1 1 . . . . . . Parts Melted 11 | . . . . 10 1 . . . . . . Heat Transferred 3515 | . . . 74 1887 1554 . . . . . . Parts Sabotaged . | . . . . . . . . . . . . Parts Stolen . | . . . . . . . . . . . . Parts Stripped . | . . . . . . . . . . . . Power Chain Reactions . | . . . . . . . . . . . . Alert | -11 -10 -9 -8 -7 -7 -7 -7 -6 -5 -5 -5 ------- Run | Yrd Mat Mat Mat Fac Gar Fac Gar Fac Fac Gar Fac Peak Influence 1148 | 20 71 130 318 358 1148 526 500 241 226 5 20 Initial 521 | . 11 25 46 123 133 521 323 195 101 . . Average 291 | 6 19 45 163 193 761 510 404 202 59 . 2 Maximum Alert Level 4 | . . . 1 1 4 2 2 1 1 . . Low Security (%) 55 | 100 100 100 66 65 5 . . 74 91 100 100 Level 1 16 | . . . 33 34 13 . 31 25 8 . . Level 2 12 | . . . . . 11 100 68 . . . . Level 3 12 | . . . . . 58 . . . . . . Level 4 2 | . . . . . 11 . . . . . . Level 5 . | . . . . . . . . . . . . High Security . | . . . . . . . . . . . . Max Security . | . . . . . . . . . . . . Squads Dispatched 8 | . . 1 . 1 . . . . 5 . 1 Investigation 1 | . . . . . . . . . 1 . . Extermination 1 | . . . . . . . . . 1 . . Reinforcement 6 | . . 1 . 1 . . . . 3 . 1 Assault . | . . . . . . . . . . . . Garrison . | . . . . . . . . . . . . Intercept . | . . . . . . . . . . . . Searches Triggered . | . . . . . . . . . . . . Construction Impeded . | . . . . . . . . . . . . Haulers Reinforced . | . . . . . . . . . . . . Active Scanning Responses . | . . . . . . . . . . . . Cargo Convoy Interrupts . | . . . . . . . . . . . . Stealth | -11 -10 -9 -8 -7 -7 -7 -7 -6 -5 -5 -5 --------- Run | Yrd Mat Mat Mat Fac Gar Fac Gar Fac Fac Gar Fac Distress Signals 3 | . . . 3 . . . . . . . . Communications Jammed 17 | . . . . . . . . . 17 . . Distress Signals 17 | . . . . . . . . . 17 . . Times Spotted 131 | . 4 6 10 19 35 9 13 2 18 9 6 Peak Tracking Total 11 | . 3 2 5 4 11 4 4 2 3 5 4 Tactical Retreats 25 | . 1 1 3 4 4 3 2 . 2 4 1 Traps | -11 -10 -9 -8 -7 -7 -7 -7 -6 -5 -5 -5 ------- Run | Yrd Mat Mat Mat Fac Gar Fac Gar Fac Fac Gar Fac Traps Triggered 16 | . . . . 1 10 . 2 . 1 2 . Indirectly . | . . . . . . . . . . . . Trap Hack Attempts 4 | . . . . 4 . . . . . . . Triggered . | . . . . . . . . . . . . Disarmed . | . . . . . . . . . . . . Reprogrammed 4 | . . . . 4 . . . . . . . Reused 1 | . . . . 1 . . . . . . . Traps Extracted . | . . . . . . . . . . . . Installed . | . . . . . . . . . . . . Triggered 1 | . . . . 1 . . . . . . . Machines | -11 -10 -9 -8 -7 -7 -7 -7 -6 -5 -5 -5 ---------- Run | Yrd Mat Mat Mat Fac Gar Fac Gar Fac Fac Gar Fac Machines Disabled 7 | . . . . . 5 . 2 . . . . Max in Single Turn 1 | . . . . . 1 . 1 . . . . Garrison Relay 6 | . . . . . 4 . 2 . . . . Machines Repaired . | . . . . . . . . . . . . Machines Dismantled . | . . . . . . . . . . . . Machines Sabotaged . | . . . . . . . . . . . . Overloaded Fab Kills . | . . . . . . . . . . . . Hacking | -11 -10 -9 -8 -7 -7 -7 -7 -6 -5 -5 -5 --------- Run | Yrd Mat Mat Mat Fac Gar Fac Gar Fac Fac Gar Fac Machines Accessed 10 | . . . . 2 3 1 2 . 2 . . Terminals 6 | . . . . . 3 . 2 . 1 . . Fabricators . | . . . . . . . . . . . . Repair Stations . | . . . . . . . . . . . . Recycling Units . | . . . . . . . . . . . . Scanalyzers . | . . . . . . . . . . . . Garrison Access 4 | . . . . 2 . 1 . . 1 . . Total Hacks 17 | . . . . 2 3 1 2 . 9 . . Successful 17 | . . . . 2 3 1 2 . 9 . . Failed . | . . . . . . . . . . . . Catastrophic . | . . . . . . . . . . . . Database Lockouts . | . . . . . . . . . . . . Manual . | . . . . . . . . . . . . Terminals 13 | . . . . . 3 . 2 . 8 . . Fabricators . | . . . . . . . . . . . . Repair Stations . | . . . . . . . . . . . . Recycling Units . | . . . . . . . . . . . . Scanalyzers . | . . . . . . . . . . . . Garrison Access 4 | . . . . 2 . 1 . . 1 . . Terminal Hacks 13 | . . . . . 3 . 2 . 8 . . Record 1 | . . . . . . . . . 1 . . Part Schematic 1 | . . . . . . . . . 1 . . Robot Analysis 1 | . . . . . . . . . 1 . . Open Door 1 | . . . . . 1 . . . . . . Emergency Access Points 1 | . . . . . 1 . . . . . . Unreport Threat 3 | . . . . . . . . . 3 . . Recall Assault 1 | . . . . . . . . . 1 . . Zone Layout 1 | . . . . . . . . . 1 . . Garrison Registry 1 | . . . . . 1 . . . . . . Patrol Navigation 1 | . . . . . . . 1 . . . . Security Stations 1 | . . . . . . . 1 . . . . Fabricator Hacks . | . . . . . . . . . . . . Repair Station Hacks . | . . . . . . . . . . . . Recycling Unit Hacks . | . . . . . . . . . . . . Scanalyzer . | . . . . . . . . . . . . Garrison Access Hacks 4 | . . . . 2 . 1 . . 1 . . Unlock Access 4 | . . . . 2 . 1 . . 1 . . Unauthorized Hacks . | . . . . . . . . . . . . Terminals . | . . . . . . . . . . . . Fabricators . | . . . . . . . . . . . . Repair Stations . | . . . . . . . . . . . . Recycling Units . | . . . . . . . . . . . . Scanalyzers . | . . . . . . . . . . . . Garrison Access . | . . . . . . . . . . . . Data Cores Recovered . | . . . . . . . . . . . . Used . | . . . . . . . . . . . . Hacking Detections 2 | . . . . . 1 . . . 1 . . Full Trace Events 1 | . . . . . . . . . 1 . . Feedback Events 1 | . . . . . . . . . 1 . . Corruption 1 | . . . . . . . . . 1 . . Feedback Blocked . | . . . . . . . . . . . . Robot Schematics Acquired . | . . . . . . . . . . . . Robots Built . | . . . . . . . . . . . . Authchips . | . . . . . . . . . . . . Time . | . . . . . . . . . . . . Total Robot Build Rating . | . . . . . . . . . . . . Part Schematics Acquired 1 | . . . . . . . . . 1 . . Parts Built . | . . . . . . . . . . . . Authchips . | . . . . . . . . . . . . Time . | . . . . . . . . . . . . Total Part Build Rating . | . . . . . . . . . . . . Parts Repaired . | . . . . . . . . . . . . Time . | . . . . . . . . . . . . Parts Recycled . | . . . . . . . . . . . . Recycled Matter . | . . . . . . . . . . . . Retrieved Matter . | . . . . . . . . . . . . Retrieved Components . | . . . . . . . . . . . . Parts Scanalyzed . | . . . . . . . . . . . . Part Schematics Acquired . | . . . . . . . . . . . . Parts Damaged . | . . . . . . . . . . . . Bothacking | -11 -10 -9 -8 -7 -7 -7 -7 -6 -5 -5 -5 ------------ Run | Yrd Mat Mat Mat Fac Gar Fac Gar Fac Fac Gar Fac Used RIF Installer 3 | . . . . . 1 . 1 . . 1 . Coupler Efficiency 1 | . . . . . . . . . . 1 . Signal Jammer 1 | . . . . . . . 1 . . . . Robots Hacked 29 | . . . . 1 . 5 6 2 10 4 1 Non-combat 8 | . . . . 1 . 2 . 2 2 . 1 Combat 21 | . . . . . . 3 6 . 8 4 . Robot Hacks Applied 37 | . . . . 1 . 6 8 2 12 7 1 parse_system 2 | . . . . 1 . 1 . . . . . no_distress 1 | . . . . . . 1 . . . . . start_evac 1 | . . . . . . . . . 1 . . ignore_repairs 1 | . . . . . . 1 . . . . . map_route 2 | . . . . . . . . 1 1 . . link_fov 1 | . . . . . . . . . . 1 . reboot_propulsion 1 | . . . . . . . 1 . . . . scatter_targeting 1 | . . . . . . . . . 1 . . spike_heat 1 | . . . . . . . . . . 1 . overload_power 4 | . . . . . . . 1 . 1 2 . amplify_resonance 3 | . . . . . . . 1 . 2 . . reboot_system 1 | . . . . . . . . . 1 . . go_dormant 1 | . . . . . . . 1 . . . . overwrite_iff 1 | . . . . . . . . . 1 . . formatsys_high 16 | . . . . . . 3 4 1 4 3 1 Relay Couplers Released 11 | . . . . . 7 . 4 . . . . Machine Destruction 11 | . . . . . 7 . 4 . . . . Attached 6 | . . . . . . 3 . 1 2 . . Fabnet Peak Effective % . | . . . . . . . . . . . . Robots Rewired 3 | . . . . . 3 . . . . . . Allies Hacked . | . . . . . . . . . . . . Hacks Repelled . | . . . . . . . . . . . . Allies | -11 -10 -9 -8 -7 -7 -7 -7 -6 -5 -5 -5 -------- Run | Yrd Mat Mat Mat Fac Gar Fac Gar Fac Fac Gar Fac Total Allies 20 | . . . . . 3 3 4 1 5 3 1 Largest Group 4 | . . . . . 3 3 2 1 4 2 1 Highest-Rated Group 160 | . . . . . 71 40 32 26 160 38 10 Highest-Rated Ally 49 | . . . . . 31 16 16 26 49 29 10 Total Orders . | . . . . . . . . . . . . Ally Attacks 65 | . . . . . 28 10 8 . 15 4 . Total Damage 959 | . . . . . 593 60 79 . 183 44 . Kills 10 | . . . . . 8 1 . . 1 . . Allies Corrupted 1 | . . . . . . . . . . 1 . Allies Melted . | . . . . . . . . . . . . Intel | -11 -10 -9 -8 -7 -7 -7 -7 -6 -5 -5 -5 ------- Run | Yrd Mat Mat Mat Fac Gar Fac Gar Fac Fac Gar Fac Robot Analysis Total 1 | . . . . . . . . . 1 . . Derelict Logs Recovered . | . . . . . . . . . . . . Drone Launches . | . . . . . . . . . . . . Drone Recoveries . | . . . . . . . . . . . . Exploration | -11 -10 -9 -8 -7 -7 -7 -7 -6 -5 -5 -5 ------------- Run | Yrd Mat Mat Mat Fac Gar Fac Gar Fac Fac Gar Fac Turns Passed 3156 | 91 194 252 273 535 672 179 215 223 330 142 50 Spaces Moved 3723 | 65 295 208 284 574 733 273 261 335 452 165 78 Core 109 | 65 24 . . . . . . 1 . . 19 Treads . | . . . . . . . . . . . . Legs . | . . . . . . . . . . . . Wheels . | . . . . . . . . . . . . Hover 3614 | . 271 208 284 574 733 273 261 334 452 165 59 Flight . | . . . . . . . . . . . . Fastest Speed 50 | 50 50 60 60 60 60 60 60 50 60 60 50 Average Speed 59 | 50 59 60 60 60 60 60 60 59 60 60 57 Slowest Speed 60 | 50 60 60 60 60 60 60 60 60 60 60 60 Overloaded Moves . | . . . . . . . . . . . . Propulsion Burnouts . | . . . . . . . . . . . . Robots Hopped . | . . . . . . . . . . . . Cave-ins Triggered . | . . . . . . . . . . . . Exploration Rate (%) 31 | 3 54 25 30 27 88 18 43 17 30 41 3 Regions Visited 11 Branch Regions . Pre-discovered Areas . | . . . . . . . . . . . . Known Exits Taken 5 | . . . 1 1 . 1 . 1 1 . . Unknown Exits Taken 3 | 1 1 1 . . . . . . . . . Scrap Searched . | . . . . . . . . . . . . Spaces Dug 2 | . . . . . . . 1 1 . . . Terrain Destroyed 5 | . . . . . 3 . 1 1 . . . Melee 2 | . . . . . . . 1 1 . . . Projectile 3 | . . . . . 3 . . . . . . AOE . | . . . . . . . . . . . . Terrain Rammed . | . . . . . . . . . . . . Walls Destroyed . | . . . . . . . . . . . . Machines Disabled . | . . . . . . . . . . . . Actions | -11 -10 -9 -8 -7 -7 -7 -7 -6 -5 -5 -5 --------- Run | Yrd Mat Mat Mat Fac Gar Fac Gar Fac Fac Gar Fac Total 4367 | 97 312 323 349 724 850 287 295 348 501 200 81 Wait 242 | . 15 98 12 74 . . . . 26 17 . Move 3710 | 64 294 207 283 573 732 272 259 334 451 163 78 Hop . | . . . . . . . . . . . . Pick Up 25 | . 1 . 6 3 9 . 4 2 . . . Fast Attach 24 | 2 2 6 5 5 2 1 . 1 . . . Attach 22 | . . . 3 3 2 4 3 2 2 3 . Detach 13 | . . . . 3 2 1 3 1 . 3 . Swap 3 | . . 1 2 . . . . . . . . Drop 9 | . . 1 3 3 1 . . 1 . . . Fire 215 | 31 . 10 35 40 62 . . 3 18 13 3 Melee 67 | . . . . 1 30 7 24 4 . 1 . Ram 5 | . . . . 2 . . . . 3 . . Kick . | . . . . . . . . . . . . Crush . | . . . . . . . . . . . . Escape Stasis . | . . . . . . . . . . . . Rewire 8 | . . . . . 3 2 2 . 1 . . Trap 4 | . . . . 4 . . . . . . . Miscellaneous 20 | . . . . 13 7 . . . . . . Route ------- -11/Scrapyard -10/Materials (discovered 4 exits: [*Mat x2] / [*Min] / [Sub]) -9/Materials (discovered 2 exits: [*Mat] / [*Sto]) -8/Materials -7/Factory (discovered 4 exits: *Fac x2 / Gar / Gar) -7/Garrison (discovered 3 exits: *Fac x3) -7/Factory -7/Garrison -6/Factory (discovered 2 exits: *Fac / *Ext) -5/Factory -5/Garrison -5/Factory (discovered 1 exit: [*Upp]) History --------- Turn | Location | Event 1 | -11/Scrapyard | Upgraded with Utility slot (x22) 3 | -11/Scrapyard | Discovered new exit (range 17) 92 | -11/Scrapyard | Entered Materials 145 | -10/Materials | Discovered new exit (range 16) 220 | -10/Materials | Discovered new exit (range 13) 240 | -10/Materials | Discovered new exit (range 15) 269 | -10/Materials | Discovered new exit (range 35) 286 | -10/Materials | Entered another Materials area 288 | -9/Materials | Reached level 2 288 | -9/Materials | Reached level 3 294 | -9/Materials | Discovered new exit (range 40) 300 | -9/Materials | Build established: Wizard-Scout 514 | -9/Materials | Discovered new exit (range 15) 538 | -9/Materials | Entered another Materials area 540 | -8/Materials | Reached level 4 540 | -8/Materials | Reached level 5 540 | -8/Materials | Reached level 6 693 | -8/Materials | Discovered new exit (range 16) 811 | -8/Materials | Identified exit to Factory 811 | -8/Materials | Entered Factory 813 | -7/Factory | Reached level 7 813 | -7/Factory | Reached level 8 813 | -7/Factory | Reached level 9 941 | -7/Factory | Identified exit to Garrison 1042 | -7/Factory | Reached level 10 1093 | -7/Factory | Discovered new exit (range 26) 1320 | -7/Factory | Discovered new exit (range 59) 1346 | -7/Factory | Identified exit to Garrison 1346 | -7/Factory | Entered Garrison 1364 | -7/Garrison | Triggered checkpoint 1383 | -7/Garrison | Garrison Relay disabled 1383 | -7/Garrison | Reached level 11 1481 | -7/Garrison | Reached level 12 1500 | -7/Garrison | Triggered checkpoint 1514 | -7/Garrison | Destroyed 8 combat bots 1546 | -7/Garrison | Triggered checkpoint 1547 | -7/Garrison | Garrison Relay disabled 1603 | -7/Garrison | Discovered new exit (range 14) 1640 | -7/Garrison | Triggered checkpoint 1644 | -7/Garrison | Triggered checkpoint 1656 | -7/Garrison | Reached level 13 1691 | -7/Garrison | Destroyed 8 combat bots 1709 | -7/Garrison | Discovered new exit (range 8) 1746 | -7/Garrison | Triggered checkpoint 1886 | -7/Garrison | Triggered checkpoint 1915 | -7/Garrison | Garrison Relay disabled 1939 | -7/Garrison | Garrison Relay disabled 1950 | -7/Garrison | Discovered new exit (range 6) 1950 | -7/Garrison | Discovered new exit (range 77) 1950 | -7/Garrison | Discovered new exit (range 53) 1970 | -7/Garrison | Installed Relay Interface Framework 1970 | -7/Garrison | Reached level 14 1993 | -7/Garrison | Spotted B-75 Beast 2017 | -7/Garrison | Identified exit to Factory 2018 | -7/Garrison | Entered Factory 2084 | -7/Factory | Build established: Wizard-Ninja 2119 | -7/Factory | Lost 3 allies 2196 | -7/Factory | Identified exit to Garrison 2197 | -7/Factory | Entered Garrison 2210 | -7/Garrison | Learned Factory security intel 2223 | -7/Garrison | Triggered checkpoint 2240 | -7/Garrison | Garrison Relay disabled 2291 | -7/Garrison | Triggered checkpoint 2291 | -7/Garrison | Triggered checkpoint 2297 | -7/Garrison | Discovered new exit (range 31) 2313 | -7/Garrison | Garrison Relay disabled 2321 | -7/Garrison | Triggered checkpoint 2353 | -7/Garrison | Expanded RIF knowledge: Signal Jamming 2409 | -7/Garrison | Identified exit to Factory 2412 | -7/Garrison | Entered Factory 2414 | -6/Factory | Reached level 15 2482 | -6/Factory | Noticed a derelict Sapper rigging charges 2519 | -6/Factory | Discovered new exit (range 16) 2528 | -6/Factory | Identified exit to Extension 2606 | -6/Factory | Spotted B-75 Beast 2612 | -6/Factory | Discovered new exit (range 24) 2634 | -6/Factory | Identified exit to Factory 2635 | -6/Factory | Entered another Factory area 2637 | -5/Factory | Reached level 16 2690 | -5/Factory | Spotted B-75 Beast 2743 | -5/Factory | Reached level 17 2905 | -5/Factory | Build established: Wizard-Scout 2960 | -5/Factory | Identified exit to Garrison 2965 | -5/Factory | Entered Garrison 2973 | -5/Garrison | Expanded RIF knowledge: Coupler Efficiency 3063 | -5/Garrison | Triggered checkpoint 3081 | -5/Garrison | Discovered new exit (range 34) 3103 | -5/Garrison | Identified exit to Factory 3107 | -5/Garrison | Entered Factory 3109 | -5/Factory | Discovered new exit (range 30) 3113 | -5/Factory | Lost 3 allies 3157 | -5/Factory | Self-destructed Last Messages --------------- RIF authorized. LOCATION=FACTORY GOAL=ESCAPE 03109_ EXIT=FOUND 03127_ System corrupted: Energy discharge (-2700). 03134_ O-16 Technician: "IFF HANDSHAKE FAILED. SECURING TERMINAL." 03134_ Jacked O-16 Technician... >>formatsys_high Rerouting network defenses. Erasing system data. Installing primary routines, ETC: 6. 03135_ Reactivated Technician 6a. 03146_ ALERT: All DSF locations entering lockdown mode. 03146_ Airjet destroyed. 03147_ System corrupted: Component data lost. 03151_ ALERT: Suspicious intruders detected, dispatching Cutter reinforcements to area. 03155_ Knocked back. 03155_ Jacked C-35 Carver... 03157_ Particle Charger destroyed. Map ----- +----------------------------------------------------+ | ??????k??????????????????????????????????????????? | | ?????????????????????????????????????????????????? | | ?????????????????????????????????????????????????? | | ?????????????????????????????????????????????????? | | ?????????????????????????????????????????????????? | | ?????????????????????????????????????????????????? | | ?????????????????????????????????????????????????? | | ?????????????????????????????????????????????????? | | ?????????????????????????????????????????????????? | | ????Y????????????????????"???????????????????????? | | ???????????????????? # """ #?#??????????????????? | | ?????????????????# ? """ #####????????????????? | | ????????????????## ? # ? ??????????????? | | ??????????????? # # "" # ?????????????? | | ?????????????? # # G" # ? #????????????? | | ?????????????"" + / "" # ##???????????? | | ???k?????????"" A? # # ? # ??????????? | | ???????????? # ######?# # ??????????? | | ???????????#?##### ### # ?????????? | | w????w????? ### # ?????????? | | ?????????? g ### # ????????? | | ?????????g k g "" ### ### # ??###?? | | ?????????? """ F" ### ### ###+####### | | ?????????? """ " T# ! ! #######u## ##### | | ?????????" """ "" # c ######## | | ????????? u ## c@ H | | ?????????" """ """ # ######## | | ????????"" """ """ # ######;### ######## | | ?????????" """ """ # ############# ########## | | ??????A? ####+############## ########## | | ????????? #### ####### ########## | | ?????????########## #### ####### ########## | | ?????????#?######## #### ####### ########## | | ??????????#########+#### ####### ########## | | ?????????##### # R # ####### | | ??????????#### # # ####### | | ???????????### # # ###### | | ???????????### # / | | ????????????############ # ############### | | ???????????? ############## ################ | | ????????????? ########### ################ | | ?????????????? # ##### ################### | | ??????????????? # ##### # ####### | | ???????????????""" + T + ####### | | ????????????????"" # ##### # ####### | | ?????????????????" # ##### # ####### | | ???????????????????## g###### # ####### | | ???????????????????## A###### # + | | ??????Y?????????????# g ###### # ####### | | ????????????????????? ?###### ################### | +----------------------------------------------------+ Best States ------------- Heat Dissipation 1003 Energy Generation 812 Energy Capacity 10165 Matter Stores 5233 Matter Capacity 5650 Sight Range 59 Robot Scan Range 113 Terrain Scan Range 16 Terrain Scan Density 6010 ECM Strength 4 Armor Coverage 450 Resistance: KI 50 Resistance: TH 40 Resistance: EX 40 Resistance: EM 20 Resistance: I 20 Resistance: S 20 Resistance: P 20 Evasion (%) 53 Target Analysis 5 Energy Filtering 30 Particle Charging 22 Offensive Hacking 1070 Defensive Hacking 965 Relay Coupler Types 5 Relay Coupler Value 217 Item Schematics ----------------- Adv. Component Analysis Suite | -5/Factory | Hacked Robot Schematics ------------------ None Fabricated ------------ Nothing Alien Tech Used ----------------- None Achievements -------------- Hehehe Challenges ------------ None RPGLIKE | -11 -10 -9 -8 -7 -7 -7 -7 -6 -5 -5 -5 --------- Run | Yrd Mat Mat Mat Fac Gar Fac Gar Fac Fac Gar Fac Levels Raised 16 | . . 2 3 4 4 . . 1 2 . . XP Earned 28882 | 4000 . 3486 5229 5345 5594 . 779 1500 2099 850 . XP Spent -981111710 | -981111710 . . . . . . . . . . . Upgrades 1807 | 1807 . . . . . . . . . . . Utility Slot 22 | 22 . . . . . . . . . . . Core Integrity 188 | 188 . . . . . . . . . . . Heat Dissipation 163 | 163 . . . . . . . . . . . Energy Generation 160 | 160 . . . . . . . . . . . Energy Storage 198 | 198 . . . . . . . . . . . Matter Storage 107 | 107 . . . . . . . . . . . Mass Support 61 | 61 . . . . . . . . . . . Inventory Capacity 92 | 92 . . . . . . . . . . . Sight Range 43 | 43 . . . . . . . . . . . Sensor Range 49 | 49 . . . . . . . . . . . Terrain Scan Density 60 | 60 . . . . . . . . . . . Ranged Accuracy 198 | 198 . . . . . . . . . . . Melee Accuracy 39 | 39 . . . . . . . . . . . Hack Attack % 210 | 210 . . . . . . . . . . . Hack Defense % 193 | 193 . . . . . . . . . . . KI Resistance % 4 | 4 . . . . . . . . . . . TH Resistance % 4 | 4 . . . . . . . . . . . EX Resistance % 4 | 4 . . . . . . . . . . . KI Damage % 4 | 4 . . . . . . . . . . . TH Damage % 4 | 4 . . . . . . . . . . . EX Damage % 4 | 4 . . . . . . . . . . . Protomatter Created 663 | . . . 151 135 377 . . . . . . Integrity Restored 453 | . . . . 291 162 . . . . . . Core 453 | . . . . 291 162 . . . . . . Protomatter Decayed 973 | . . . 98 108 567 69 75 . 56 . . Game ------ Seed WarlordResetActivator Manual? 0 Play Time 00:42:18 Cumulative 58.7 hours Start 2024.08.22 @ 18:53:43 End 2024.08.24 @ 07:37:09 Sessions 2 Manual Loads 0 Difficulty Adventurer Special Mode Winter2019/RPGLIKE Game No. 55 Rogue 0 Adventurer 3 Explorer 52 Win Type - Total 14 Types 6/3/2/2/0/0/1/0/0 Lore% 38 Gallery% 58 Achievement% 69 Wizard Run 0 Options --------- Layout 0 ASCII 0 Keyboard 0 Movement Mouse Keybinds 0 Fullscreen 2 Font 18/SmallcapsGlow Map View 76x50 Zoom Use 73% Tactical HUD 1 Map Filters NONE Filters NONE Steam 1 RUN: 4e797b96-f30f-4530-ade4-7b9011994a98